Map: Lerilak Crest

Players

Wintersc2 (Winter)

  • Race: Terran Terran

najzmajs - Winner!

  • Race: Zerg Zerg

VOD

Have the link to the VOD?

Description

Time

  • Played on: April 8, 2015, 4:50 p.m.
  • Length: 9:45
Show
View Real Time Build Order
Export as new Build Order

Wintersc2 Terran 

Build Orders: Command Center First (CC) 

Get SALT Encoding   

  12  0:01  SCV  
  13  0:13  SCV  
  14  0:19  Supply Depot  
  14  0:25  SCV  
  15  0:43  SCV  
  16  0:55  SCV  
  17  1:00  Command Center  
  17  1:07  SCV  
  18  1:16  Refinery  
  18  1:19  SCV  
  18  1:24  Barracks  
  19  1:34  SCV  
  20  1:46  SCV  
  21  1:54  Refinery  
  21  1:58  SCV  
  22  2:16  Orbital Command x2  
  22  2:20  Supply Depot  
  22  2:21  Marine  
  23  2:26  Factory  
  23  2:39  Marine  
  24  2:45  Factory  
  24  2:49  SCV  
  25  2:57  SCV  
  26  3:03  SCV  
  26  3:05  Factory  
  27  3:10  Factory Tech Lab  
  27  3:12  SCV  
  28  3:15  SCV  
  29  3:29  Supply Depot, Cyclone  
  29  3:30  SCV x2  
  34  3:37  Hellion  
  36  3:42  SCV  
  36  3:43  SCV  
  38  3:48  Barracks Reactor  
  38  3:51  Factory Tech Lab  
  38  3:54  SCV, Refinery  
  38  3:55  SCV  
  39  3:59  Hellion  
  43  4:07  SCV x2  
  43  4:13  Supply Depot  
  43  4:14  Cyclone  
  46  4:18  Refinery  
  46  4:19  SCV x2  
  48  4:33  Cyclone  
  48  4:34  SCV  
  54  4:38  Hellion  
  54  4:39  Supply Depot, Hellion  
  54  4:41  SCV  
  57  4:46  SCV  
  57  4:49  Cyclone  
  61  4:53  SCV  
  62  5:01  SCV, Missile Turret  
  62  5:03  Hellion x2  
  67  5:08  SCV, Missile Turret  
  67  5:13  SCV  
  69  5:20  SCV  
  69  5:24  Armory  
  69  5:25  SCV  
  69  5:27  Supply Depot x2  
  70  5:28  Supply Depot  
  70  5:31  Supply Depot  
  70  5:37  Factory  
  70  5:49  SCV x2, Cyclone x2  
  78  5:55  Hellion x2  
  82  6:01  SCV x2  
  84  6:11  Unknown  
  84  6:13  SCV x2  
  86  6:19  Supply Depot  
  86  6:21  Cyclone  
  86  6:23  Infernal Pre-Igniter  
  93  6:25  Hellion x2  
  93  6:27  SCV  
  93  6:31  Factory Reactor  
  93  6:32  Supply Depot  
  94  6:33  SCV  
  95  6:41  Supply Depot  
  95  6:42  Supply Depot  
  95  6:49  SCV  
  95  6:51  Cyclone  
  95  6:53  Cyclone  
  102  6:57  SCV  
  104  7:01  SCV  
  104  7:07  Hellion  
  106  7:13  SCV  
  111  7:23  Hellion x3, Cyclone  
  116  7:40  Cyclone  
  114  7:55  Cyclone  
  114  7:57  SCV, Hellion x2  
  105  8:13  Cyclone  
  89  8:27  Cyclone  
  89  8:31  Hellion x2  
  89  8:34  SCV x2  
  89  8:45  Cyclone  
  92  8:48  Missile Turret  
  92  8:51  SCV x2  
Show
View Real Time Build Order
Export as new Build Order

najzmajs Zerg - Winner!

Build Orders: 3 Hatch before Pool 

Get SALT Encoding   

  12  0:01  Drone  
  13  0:13  Overlord  
  13  0:19  Drone  
  14  0:25  Drone, Extractor  
  15  0:33  Drone  
  16  0:36  Drone  
  17  0:48  Drone  
  18  0:58  Drone  
  18  0:59  Hatchery  
  18  1:07  Drone  
  19  1:18  Drone  
  19  1:24  Hatchery  
  19  1:29  Extractor  
  19  1:30  Drone  
  20  1:41  Spawning Pool  
  20  1:44  Drone, Extractor  
  19  1:53  Drone  
  20  2:01  Overlord  
  20  2:12  Drone x2  
  22  2:21  Drone  
  23  2:23  Drone  
  23  2:28  Queen x2  
  28  2:32  Drone  
  28  2:33  Zergling x2  
  30  2:41  Queen  
  32  2:48  Drone  
  32  2:51  Drone  
  34  2:53  Drone  
  34  2:56  Drone  
  34  2:58  Drone  
  37  3:05  Roach Warren  
  36  3:09  Drone  
  36  3:11  Drone, Extractor  
  37  3:13  Drone  
  37  3:16  Drone  
  37  3:18  Drone  
  40  3:21  Drone x2  
  42  3:28  Overlord  
  42  3:40  Lair  
  42  3:43  Burrow  
  42  3:44  Overlord  
  46  3:48  Roach x2  
  46  3:49  Drone x3  
  46  3:50  Drone  
  46  3:55  Overlord  
  50  3:58  Overlord  
  50  4:03  Metabolic Boost  
  50  4:11  Drone x7  
  50  4:14  Overlord  
  56  4:19  Overlord  
  56  4:21  Roach, Extractor  
  56  4:23  Overlord  
  57  4:32  Zergling x2  
  57  4:33  Zergling x10  
  57  4:38  Glial Reconstitution  
  63  4:41  Overlord  
  63  4:42  Overlord  
  63  4:47  Drone  
  63  4:48  Drone x3  
  63  4:49  Drone  
  63  4:50  Drone  
  69  4:56  Drone  
  69  4:57  Drone x4  
  74  5:12  Drone x2  
  76  5:17  Roach x8  
  76  5:18  Roach  
  76  5:21  Roach  
  94  5:22  Roach  
  94  5:24  Roach  
  94  5:26  Overlord  
  94  5:28  Roach  
  100  5:33  Roach x3  
  106  5:44  Hatchery, Roach x2  
  106  5:45  Roach  
  111  5:51  Roach x3  
  111  5:54  Spore Crawler  
  111  5:55  Spore Crawler  
  111  5:56  Spore Crawler  
  115  5:57  Drone  
  115  5:58  Drone  
  115  5:59  Drone  
  117  6:07  Overlord  
  117  6:09  Roach x2  
  121  6:11  Overlord  
  121  6:17  Overlord  
  120  6:18  Roach  
  122  6:26  Roach  
  122  6:27  Overlord, Roach x3  
  122  6:28  Nydus Network  
  122  6:30  Roach  
  122  6:32  Roach  
  133  6:38  Roach x2  
  137  6:40  Drone x2  
  137  6:41  Drone x7  
  137  6:44  Overlord  
  137  6:45  Overlord  
  146  6:48  Roach  
  146  6:51  Extractor  
  146  6:52  Roach x2, Extractor  
  146  6:53  Extractor  
  149  6:56  Roach x2  
  149  6:59  Queen  
  155  7:06  Roach  
  157  7:08  Overseer  
  157  7:09  Roach  
  157  7:10  Roach  
  157  7:13  Roach  
  165  7:15  Roach  
  165  7:19  Drone x8  
  165  7:21  Roach  
  175  7:28  Nydus Canal  
  175  7:30  Overlord x2  
  175  7:36  Roach x11  
  175  7:45  Overlord x2  
  175  7:50  Nydus Canal  
  171  7:52  Roach x8  
  171  8:01  Roach x7  
  171  8:04  Roach  
  175  8:09  Roach x3  
  175  8:11  Roach x2  
  181  8:13  Roach  
  181  8:16  Roach  
  185  8:20  Roach  
  185  8:25  Roach x3  
  183  8:29  Roach  
  183  8:31  Roach  
  183  8:33  Roach  
  189  8:35  Roach  
  189  8:41  Roach  
  191  8:43  Roach  
  191  8:44  Roach  
  191  8:45  Overlord  
  191  8:46  Extractor x2  
  191  8:48  Roach x4  
  183  8:49  Roach x2  
  183  8:50  Roach x2  
  183  8:52  Roach  
  193  8:55  Nydus Canal  
  193  8:57  Roach x2  
  193  8:58  Roach  
  193  8:59  Roach x32  
  193  9:00  Roach  
  193  9:02  Overlord  
  199  9:09  Overlord  
  199  9:14  Roach x2  
  199  9:15  Roach x2  
  181  9:20  Roach x4  
  181  9:21  Roach x2  
  181  9:23  Roach  
Tags
 
Add a new tag
Caveats
  • Supply blocks, unpowered buildings, or Contaminate may cause inaccurate times.
  • Supply counts are checked every 10 seconds.